 Dungeon Crawl Stone Soup version 0.18.1-47-g9310371 (webtiles) character file.

1887 OrDronus the Quickloader (level 9, -21/51 HPs)
             Began as a Kobold Arcane Marksman on June 14, 2016.
             Was a Believer of Dithmenos.
             Demolished by an orc warrior
             ... wielding a +0 glaive
              (24 damage)
             ... on level 7 of the Dungeon.
             The game lasted 01:05:12 (8744 turns).

OrDronus the Quickloader (Kobold Arcane Marksman)   Turns: 8744, Time: 01:05:12

Health: -21/51     AC:  7    Str: 14    XL:     9   Next: 37%
Magic:  12/12      EV: 19    Int: 11    God:    Dithmenos [**....]
Gold:   235        SH:  0    Dex: 19    Spells: 2 memorised, 9 levels left

rFire  . . .     SeeInvis +     b - +0 short sword
rCold  . . .     Gourm    .     i - +1 leather armour
rNeg   . . .     Faith    .     (shield restricted)
rPois  +         Spirit   .     z - +2 helmet {SInv}
rElec  .         Dismiss  .     (no cloak)
rCorr  .         Reflect  .     (no gloves)
SustAt .         Harm     .     (no boots)
MR     .....                    (no amulet)
Stlth  +++.......               (no ring)
                                n - ring of poison resistance

@: mighty, wreathed by umbra, not resistant to hostile enchantments, fairly
stealthy
A: carnivore 3
a: Shadow Step, Renounce Religion


You were on level 7 of the Dungeon.
You worshipped Dithmenos.
Dithmenos was pleased with you.
You were completely stuffed.

You visited 2 branches of the dungeon, and saw 8 of its levels.
You also visited: Ossuary.

You collected 235 gold pieces.

Inventory:

Hand Weapons
 a - a +0 hand crossbow
 b - a +0 short sword (weapon)
 y - a +1 dagger of speed
Missiles
 d - 49 bolts
Armour
 h - a +0 robe of resistance
 i - a +1 leather armour (worn)
 j - a +0 robe
 p - a cursed -1 robe
 t - a +0 animal skin
 z - a +2 helmet of see invisible (worn)
Jewellery
 n - a ring of poison resistance (left hand)
 H - a cursed amulet of inaccuracy {unknown}
Scrolls
 k - 3 scrolls of identify
 l - 5 scrolls of remove curse
 o - a scroll of recharging
 x - a scroll of silence
 D - a scroll of enchant armour
 G - a scroll of magic mapping
Potions
 e - 2 potions of agility
 g - 3 potions of mutation
 q - a potion of berserk rage {unknown}
 r - 3 potions of curing
 u - a potion of cure mutation
 v - 2 potions of flight
 A - 3 potions of might
 B - 2 potions of invisibility {unknown}
 C - a potion of brilliance
 E - a potion of cancellation
Books
 c - a book of Debilitation

   Spells                             Type                      Level
   a - Corona                         Hexes                        1
   b - Slow                           Hexes                        2
   c - Gell's Gravitas                Hexes/Translocation          3
   d - Inner Flame                    Hexes/Fire                   3
   e - Cause Fear                     Hexes                        4
   f - Leda's Liquefaction            Hexes/Earth                  4
 J - a book of Clouds

   Spells                             Type                      Level
   a - Mephitic Cloud                 Conjuration/Poison/Air       3
   b - Conjure Flame                  Conjuration/Fire             3
   c - Poisonous Cloud                Conjuration/Poison/Air       6
   d - Freezing Cloud                 Conjuration/Ice/Air          6
   e - Ring of Flames                 Charms/Fire                  7
Comestibles
 f - 2 meat rations
 s - 3 slices of pizza
 w - a beef jerky


   Skills:
 + Level 3.4 Fighting
 + Level 3.9 Short Blades
 * Level 9.2 Crossbows
 - Level 0.7 Armour
 + Level 6.4 Dodging
 + Level 2.8 Stealth
 + Level 2.1 Spellcasting
 * Level 5.5 Hexes


You had 9 spell levels left.
You knew the following spells:

 Your Spells              Type           Power        Failure   Level  Hunger
a - Corona                Hex            ##.....      4%          1    ##.....
b - Slow                  Hex            ##......     8%          2    ###....


Dungeon Overview and Level Annotations

Branches:
Dungeon (7/15)             Temple (1/1) D:5

Altars:
Ashenzari
Cheibriados
Dithmenos
Elyvilon
Gozag
Kikubaaqudgha
Nemelex Xobeh
Okawaru
Pakellas
Qazlal
Ru
Sif Muna
Trog
Vehumet
Xom
Yredelemnul
Zin
The Shining One

Shops:
D:4 ==   D:5 *   D:6 :   D:7 (

Annotations:
D:3 Duvessa
D:4 Kloppie's ghost, amateur MiBe


Innate Abilities, Weirdness & Mutations

You are small and have problems with some larger weapons.
You are carnivorous and can eat meat at any time.


Message History

The orc priest is moderately wounded.
The orc warrior hits you with a trident!
* * * LOW HITPOINT WARNING * * *
The orc priest hits you but does no damage.
You barely miss the orc priest.
The orc priest is moderately wounded.
The crimson imp blinks!
The orc warrior closely misses you.
The orc warrior hits you with a trident.
* * * LOW HITPOINT WARNING * * *
You puncture the orc priest!
You kill the orc priest!
Dithmenos accepts your kill.
The crimson imp blinks!
The orc warrior closely misses you.
You closely miss the orc warrior.
The crimson imp hits you but does no damage.
The orc warrior hits you with a trident.
* * * LOW HITPOINT WARNING * * *
You barely miss the orc warrior.
The orc warrior hits you from afar with a glaive!!
You die...

##########
#o@5ooo..#
#o######.# ####
#. #.# #.. #.
#.# #.# #. #.#
#####)###### #.
#o# ...)..[....#
##Z #.##########
#####..###.#.##.
#.o...oo.... #
##(###.#.##.
############


You could see 2 orc warriors, an orc priest, a crimson imp, 2 orcs and a centaur
skeleton (wandering).

Vanquished Creatures
  2 sky beasts
  A slave (D:4)
  An ogre (D:6)
  A phantom (D:5)
  A centaur (D:5)
  Blork the orc (D:6)
  A giant frog (D:6)
  3 water moccasin zombies (Ossuary)
  Dowan (D:4)
  The ghost of krepi the Sneak, a weakling OpAs (D:3)
  3 crimson imps
  2 hounds
  A giant frog zombie (D:5)
  7 orc priests
  A jelly (D:5)
  A giant frog skeleton (D:6)
  3 iguanas
  3 orc wizards
  3 worker ants
  3 big kobold zombies (Ossuary)
  2 mummies (Ossuary)
  5 gnolls
  8 adders
  A shadow imp (D:5)
  An ooze (D:3)
  5 adder zombies (Ossuary)
  A worm (D:5)
  4 dart slugs
  4 giant geckos
  25 orcs
  8 bats
  3 giant cockroaches
  3 gnoll zombies (Ossuary)
  3 goblins
  6 hobgoblins
  18 jackals
  A quokka (D:2)
  2 ball pythons
  7 giant newts
  6 hobgoblin zombies (Ossuary)
  A jackal skeleton (D:5)
  12 kobolds
  12 kobold zombies (Ossuary)
  7 orc zombies (Ossuary)
  A quokka skeleton (D:6)
  5 rats
191 creatures vanquished.

Notes
Turn   | Place    | Note
--------------------------------------------------------------
     0 | D:1      | OrDronus the Kobold Arcane Marksman began the quest for the Orb.
     0 | D:1      | Reached XP level 1. HP: 12/12 MP: 2/2
    87 | D:1      | Reached XP level 2. HP: 16/16 MP: 3/3
   304 | D:1      | Reached XP level 3. HP: 20/20 MP: 4/4
   485 | D:1      | Reached skill level 3 in Crossbows
  1100 | D:2      | Reached XP level 4. HP: 23/25 MP: 5/5
  1284 | D:2      | Reached skill level 1 in Short Blades
  1284 | D:2      | Reached skill level 1 in Stealth
  1668 | D:2      | Reached XP level 5. HP: 18/29 MP: 4/6
  2073 | D:3      | Noticed krepi's ghost (weakling OpAs)
  2083 | D:3      | Killed krepi's ghost
  2083 | D:3      | Reached skill level 4 in Crossbows
  2454 | D:3      | Reached XP level 6. HP: 12/34 MP: 7/7
  3120 | D:3      | Found a snail-covered altar of Cheibriados.
  3120 | D:3      | Found a shimmering altar of Xom.
  3131 | D:3      | Found a shattered altar of Ashenzari.
  3138 | D:3      | Found an opulent altar of Gozag.
  3138 | D:3      | Found a basalt altar of Yredelemnul.
  3327 | D:4      | Noticed Dowan
  3336 | D:4      | Noticed Duvessa
  3362 | D:4      | Found Sedghe's Jewellery Emporium.
  3362 | D:4      | Noticed Kloppie's ghost (amateur MiBe)
  3555 | D:4      | Killed Dowan
  3827 | D:3      | Learned a level 2 spell: Slow
  4103 | D:4      | Noticed a slave
  4103 | D:4      | Noticed a slave
  4142 | D:4      | Killed a slave
  4344 | D:4      | Found Bapnof's Jewellery Shop.
  4387 | D:4      | Found a deep blue altar of Sif Muna.
  4606 | D:5      | Entered Level 5 of the Dungeon
  4750 | D:5      | Found a snail-covered altar of Cheibriados.
  4752 | D:5      | Reached XP level 7. HP: 40/40 MP: 9/9
  4770 | D:5      | Reached skill level 5 in Crossbows
  5237 | D:5      | Reached skill level 6 in Crossbows
  5519 | D:5      | Reached XP level 8. HP: 40/45 MP: 10/10
  5551 | D:5      | Found Mese's Assorted Antiques.
  5771 | D:5      | Found a staircase to the Ecumenical Temple.
  5780 | Temple   | Entered the Ecumenical Temple
  5876 | Temple   | Became a worshipper of Dithmenos the Shadowed
  5965 | D:5      | Reached skill level 7 in Crossbows
  6043 | D:5      | Reached skill level 5 in Dodging
  6244 | D:6      | Noticed Blork the orc
  6252 | D:6      | Killed Blork the orc
  6338 | D:6      | Found a sand-covered staircase.
  6342 | Ossuary  | Entered an ossuary
  6630 | Ossuary  | Reached skill level 5 in Hexes
  6824 | Ossuary  | Reached * piety under Dithmenos
  7471 | D:6      | Reached ** piety under Dithmenos
  7557 | D:6      | Reached skill level 8 in Crossbows
  7610 | D:6      | Reached XP level 9. HP: 40/50 MP: 8/11
  7777 | D:6      | Found Kyxkesel's Book Shoppe.
  8503 | D:7      | Reached skill level 9 in Crossbows
  8514 | D:7      | Found Webu's Antique Weapon Shoppe.
  8744 | D:7      | Demolished by an orc warrior

Skill      XL: |  1  2  3  4  5  6  7  8  9 |
---------------+----------------------------+-----
Crossbows      | 3 4 6 8 9 |  9.2
Short Blades   | 1 2 3 |  3.9
Stealth        | 1 2 |  2.8
Hexes          | 4 5 |  5.5
Dodging        | 3 4 6 |  6.4
Fighting       | 2 3 |  3.4
Spellcasting   | 2 |  2.1
Armour         | |  0.7

Action                   |  1- 3 |  4- 6 |  7- 9 || total
-------------------------+-------+-------+-------++-------
Melee: Short sword       |    40 |   240 |   499 ||   779
       Dagger            |       |       |    38 ||    38
 Fire: Hand crossbow     |    40 |    69 |   173 ||   282
 Cast: Corona            |       |    26 |    10 ||    36
       Slow              |       |     6 |     6 ||    12
  Use: Scroll            |       |     8 |     8 ||    16
       Potion            |       |     2 |     5 ||     7
 Stab: Sleeping          |       |     3 |     5 ||     8
  Eat: Chunk             |     9 |    13 |    15 ||    37
Armor: Leather armour    |    20 |    62 |    64 ||   146
Dodge: Dodged            |    38 |   219 |   422 ||   679
